 Dungeon Crawl Stone Soup version 0.30-a0-223-gcb0039aa0c (webtiles) character file.

Game seed: 3157954030470594728

420 qw the Shield-Bearer (level 6, 0/37 HPs)
             Began as a Gargoyle Fighter on Oct 9, 2022.
             Was an Initiate of Okawaru.
             Slain by a two-headed ogre
             ... wielding a +0 giant club
              (12 damage)
             ... on level 5 of the Dungeon.
             The game lasted 00:01:28 (3672 turns).

qw the Shield-Bearer (Gargoyle Fighter)             Turns: 3672, Time: 00:01:29

Health: 0/37       AC:  8    Str: 22    XL:     6   Next: 94%
Magic:  6/6        EV:  7    Int:  8    God:    Okawaru [......]
Gold:   202        SH: 15    Dex: 15    Spells: 5/5 levels left

rFire   . . .      SeeInvis .    Y - +4 broad axe (freeze)
rCold   . . .      Faith    .    c - +0 tower shield
rNeg    + . .      Spirit   .    b - +0 scale mail
rPois   inf        Reflect  .    (helmet restricted)
rElec   +          Harm     .    (no cloak)
rCorr   .          Rampage  .    (no gloves)
Will    .....      Rnd*Tele +    i - +0 pair of boots
Stlth   ..........               (no amulet)
HPRegen 0.26/turn                l - +6 ring of dexterity
MPRegen 0.10/turn                (no ring)

@: corroded
A: sickness immunity, AC +4, negative energy resistance 1, electricity
resistance, torment resistance 1, petrification resistance, horns 1, talons 1,
teleportitis 1, MP-powered wands
a: Renounce Religion


You were on level 5 of the Dungeon.
You worshipped Okawaru.
Okawaru was noncommittal.
You visited 2 branches of the dungeon, and saw 6 of its levels.

You collected 281 gold pieces.
You spent 79 gold pieces at shops.


Innate Abilities, Weirdness & Mutations

You are immune to sickness and miasma.
Your stone body is resilient. (AC +4)
You are immune to poison.
You resist negative energy. (rN+)
You are resistant to electric shocks. (rElec)
You are resistant to unholy torment.
You are immune to petrification.
You have a pair of small horns on your head.
You have sharp toenails.
You are occasionally teleported next to monsters.
You expend magic power (3 MP) to strengthen your wands.


   Skills:
 - Level 3.2 Fighting
 - Level 4.0 Axes
 - Level 3.2 Armour
 - Level 1.0 Dodging
 + Level 6.8 Shields


You had 5 spell levels left.
You didn't know any spells.
Your spell library was empty.

Inventory:

Hand Weapons
 a - a +4 flail
 Y - a +4 broad axe of freezing (weapon)
Armour
 b - a +0 scale mail (worn)
 c - a +0 tower shield (worn)
 i - a +0 pair of boots (worn)
Jewellery
 l - a +6 ring of dexterity (left hand)
Scrolls
 o - a scroll of identify
Potions
 d - 5 potions of might
 j - 2 potions of attraction
 k - a potion of magic
 m - a potion of curing
 n - a potion of heal wounds
 p - a potion of berserk rage {unknown}
 q - a potion of lignification {unknown}
 s - a potion of flight {unknown}

Dungeon Overview and Level Annotations

Branches:
Dungeon (5/15)             Temple (1/1) D:4

Altars:
Ashenzari
Cheibriados
Elyvilon
Fedhas
Gozag
Nemelex Xobeh
Okawaru
Qazlal
Sif Muna
Uskayaw
Vehumet
Wu Jian
Xom
Yredelemnul
Zin

Shops:
D:2 [[*

Annotations:
D:2 1 runed translucent door, Crazy Yiuf


Message History

You block the scorpion's attack. The scorpion stings you.
You slash the scorpion! You freeze the scorpion.
You kill the scorpion!
Okawaru accepts your kill.
You start resting.
HP restored.
Found a sling.
Found a robe.
You see here a +0 robe.
Found an escape hatch in the floor.
A hound and a jelly come into view.
The hound barks!
The jelly quivers.
You hear two shouts!
You hear a shout! x2
Enter note: A two-headed ogre comes into view.
It is wielding a +0 giant club and a +0 giant spiked club.
The hound bites you but does no damage.
You slice the hound!! You freeze the hound!
You kill the hound!
Okawaru accepts your kill. You block the jelly's attack.
An adder comes into view.
You slash the jelly! You freeze the jelly. The acid corrodes you!
Your hands burn!
The jelly is almost dead.
You slice the two-headed ogre!! You freeze the two-headed ogre.
You headbutt the two-headed ogre.
The two-headed ogre is moderately wounded.
The two-headed ogre hits you with a +0 giant club!
The two-headed ogre hits you with a +0 giant spiked club!
You barely miss the two-headed ogre. You headbutt the two-headed ogre.
The two-headed ogre is heavily wounded.
You block the two-headed ogre's attack. x2; You block the adder's attack.
You slash the two-headed ogre! You freeze the two-headed ogre.
Your headbutt misses the two-headed ogre.
The two-headed ogre is severely wounded.
You miss the adder. The adder bites you but does no damage.
You block the two-headed ogre's attack.
The two-headed ogre hits you with a +0 giant spiked club!
You die...

.. #. ..####.
....... #########
....... #.......#
......###.......# .
..............#
#...##.####...>...#
#...S@..........#
#.#.O########.###
### #... #..### #..
##.. ##...# #.. .##
###.###.. ##
#...... #####..
#####.. #......


You could see a two-headed ogre and an adder.

Vanquished Creatures
  A scorpion (D:5)
  A vampire bat (D:4)
  A hound (D:5)
  An orc wizard (D:3)
  2 iguanas
  4 gnolls
  7 adders
  An ufetubus (D:4)
  3 worms
  A dart slug (D:1)
  8 orcs
  9 bats
  9 endoplasms
  3 giant cockroaches
  7 goblins
  8 hobgoblins
  6 jackals
  2 quokkas
  9 ball pythons
  3 frilled lizards
  6 kobolds
  5 rats
97 creatures vanquished.

Vanquished Creatures (others)
  A ball python zombie (D:2)
  A hobgoblin zombie (D:2)
2 creatures vanquished.

Grand Total: 99 creatures vanquished

Notes
Turn   | Place    | Note
-------+----------+-------------------------------------------
     0 | D:1      | qw the Gargoyle Fighter began the quest for the Orb.
     0 | D:1      | Reached XP level 1. HP: 14/14 MP: 1/1
     0 | D:1      | 0 ||| qw: Version: 0.2-a-17-g06abaee
     0 | D:1      | 0 ||| qw: Game counter: 2166
     0 | D:1      | 0 ||| qw: Always use a shield: true
     0 | D:1      | 0 ||| qw: God list: Okawaru
     0 | D:1      | 0 ||| qw: Allow faded altars: false
     0 | D:1      | 0 ||| qw: Do Orc after D:15 true
     0 | D:1      | 0 ||| qw: Do second Lair branch before Depths: true
     0 | D:1      | 0 ||| qw: Lair rune preference: random
     0 | D:1      | 0 ||| qw: Plans: Normal, Zot:1-4, God:TSO, Crypt, Tomb,
                  | Pan, Slime:5, Hells, Abyss, Orb
     0 | D:1      | 0 ||| PLANNING D:1-11
   133 | D:1      | 133 ||| Stepping ~*~*~tactically~*~*~ (hiding).
   140 | D:1      | Reached XP level 2. HP: 19/19 MP: 2/2
   713 | D:1      | Reached skill level 3 in Axes
   883 | D:1      | Found a faded altar of an unknown god.
   965 | D:1      | Reached XP level 3. HP: 23/23 MP: 3/3
   969 | D:1      | 969 ||| Stepping ~*~*~tactically~*~*~ (stealth).
  1059 | D:1      | 1059 ||| UPGRADING to +0 kite shield.
  1069 | D:1      | 1069 ||| DROPPING +0 buckler.
  1070 | D:1      | 1070 ||| UPGRADING to amulet of guardian spirit.
  1075 | D:1      | 1075 ||| UPGRADING to +6 ring of dexterity.
  1076 | D:1      | 1076 ||| READING scroll labelled LOEVVOF OPUQIE.
  1077 | D:1      | 1077 ||| READING scroll labelled CEYSECL NUSH.
  1078 | D:1      | 1078 ||| READING scroll labelled KESOUCK VULEG.
  1079 | D:1      | 1079 ||| READING scroll labelled JAOMNEGO GOYPN.
  1144 | D:2      | Found Yradood's Armour Boutique.
  1145 | D:2      | 1145 ||| STAIRDANCE
  1150 | D:2      | 1150 ||| STAIRDANCE
  1173 | D:1      | 1173 ||| DROPPING +0 club.
  1177 | D:2      | 1177 ||| STAIRDANCE
  1181 | D:1      | Reached skill level 4 in Shields
  1188 | D:2      | 1188 ||| STAIRDANCE
  1194 | D:1      | Reached XP level 4. HP: 28/28 MP: 4/4
  1202 | D:2      | Reached skill level 1 in Dodging
  1215 | D:2      | 1215 ||| BUYING +0 tower shield (45 gold).
  1215 | D:2      | Bought a +0 tower shield for 45 gold pieces
  1246 | D:2      | 1246 ||| Stepping ~*~*~tactically~*~*~ (stealth).
  1248 | D:2      | 1248 ||| Stepping ~*~*~tactically~*~*~ (stealth).
  1265 | D:2      | Found Orauroq's Assorted Antiques.
  1281 | D:2      | 1281 ||| SHOPLISTING +3 hat of Pondering {ponderous, Will+
                  | MP+10 Int+5} (723 gold, have 39).
  1281 | D:2      | 1281 ||| BUYING fizzy grey potion (17 gold).
  1281 | D:2      | Bought a fizzy grey potion for 17 gold pieces
  1281 | D:2      | 1281 ||| BUYING fizzy grey potion (17 gold).
  1281 | D:2      | Bought a fizzy grey potion for 17 gold pieces
  1281 | D:2      | 1281 ||| SHOPLISTING glowing sapphire potion (17 gold, have
                  | 5).
  1281 | D:2      | 1281 ||| SHOPLISTING murky inky potion (17 gold, have 5).
  1281 | D:2      | 1281 ||| SHOPLISTING potion of might (76 gold, have 5).
  1281 | D:2      | 1281 ||| SHOPLISTING scroll of identify (38 gold, have 5).
  1443 | D:2      | 1443 ||| Stepping ~*~*~tactically~*~*~ (stealth).
  1450 | D:2      | Reached XP level 5. HP: 32/32 MP: 5/5
  1558 | D:2      | Found Toif's Armour Emporium.
  1567 | D:2      | 1567 ||| SHOPLISTING +0 chain mail of Skepticism {Int+4}
                  | (238 gold, have 18).
  1567 | D:2      | 1567 ||| SHOPLISTING +0 plate armour (276 gold, have 18).
  1567 | D:2      | 1567 ||| SHOPLISTING +2 hat (192 gold, have 18).
  1654 | D:2      | Found a runed translucent door.
  1655 | D:2      | Noticed Crazy Yiuf
  1750 | D:2      | 1750 ||| UPGRADING to +0 tower shield.
  1760 | D:2      | 1760 ||| UPGRADING to +0 pair of boots.
  1765 | D:2      | 1765 ||| DROPPING +0 kite shield.
  1766 | D:2      | 1766 ||| READING scroll labelled LIUMIC HEUM.
  1867 | D:2      | 1867 ||| READING scroll labelled IFADYOLEARPH.
  1868 | D:2      | 1868 ||| READING scroll labelled CAUSUR DEME.
  1868 | D:2      | Identified a scroll of acquirement
  1868 | D:2      | 1868 ||| ACQUIRING +4 broad axe of freezing
  1868 | D:2      | Acquired a +4 broad axe of freezing
  1870 | D:2      | 1870 ||| SWAPPING to +4 broad axe of freezing.
  1871 | D:2      | 1871 ||| DROPPING +0 war axe of chaos.
  1872 | D:2      | 1872 ||| READING scroll labelled KETRUK NANIL.
  1873 | D:2      | 1873 ||| DRINKING 2 fizzy grey potions.
  1873 | D:2      | Gained mutation: You are partially covered in large bone
                  | plates. (SH +4) [potion of mutation]
  1873 | D:2      | Gained mutation: Your body sometimes deteriorates upon
                  | taking damage. [potion of mutation]
  1873 | D:2      | Gained mutation: You are occasionally teleported next to
                  | monsters. [potion of mutation]
  1874 | D:2      | 1874 ||| DRINKING potion of mutation.
  1874 | D:2      | Lost mutation: Your body sometimes deteriorates upon taking
                  | damage. [potion of mutation]
  1874 | D:2      | Lost mutation: You are partially covered in large bone
                  | plates. (SH +4) [potion of mutation]
  1874 | D:2      | Gained mutation: You have sharp toenails. [potion of
                  | mutation]
  1874 | D:2      | Gained mutation: You expend magic power (3 MP) to
                  | strengthen your wands. [potion of mutation]
  1874 | D:2      | Gained mutation: You have a pair of small horns on your
                  | head. [potion of mutation]
  1875 | D:2      | 1875 ||| DRINKING 2 clear potions.
  1876 | D:2      | 1876 ||| DROPPING potion of brilliance.
  2351 | D:3      | 2351 ||| FLEEEEING.
  2687 | D:3      | 2687 ||| READING scroll labelled FEEMEH FUUFIOD.
  2691 | D:3      | 2691 ||| READING scroll labelled ZONIUT GERUENK.
  2692 | D:3      | 2692 ||| READING scroll labelled REMIJI MEHA.
  2693 | D:3      | 2693 ||| READING scroll labelled MUFOHE WAYZEGU.
  2694 | D:3      | 2694 ||| DRINKING 2 glowing sapphire potions.
  2695 | D:3      | 2695 ||| READING 2 scrolls of identify.
  2695 | D:3      | 2695 ||| IDENTIFYING blue potion
  2696 | D:3      | 2696 ||| DROPPING potion of ambrosia.
  2770 | D:4      | Reached skill level 5 in Shields
  2789 | D:4      | Found a staircase to the Ecumenical Temple.
  2790 | D:4      | 2790 ||| READING 2 scrolls of identify.
  2790 | D:4      | 2790 ||| IDENTIFYING puce potion
  2791 | D:4      | 2791 ||| Stepping randomly (stuck).
  2792 | D:4      | 2792 ||| Stepping randomly (stuck).
  2793 | D:4      | 2793 ||| PLANNING TEMPLE
  2802 | Temple   | Entered the Ecumenical Temple
  2850 | Temple   | 2850 ||| PLANNING OKAWARU WORSHIP
  2960 | Temple   | Became a worshipper of Warmaster Okawaru
  2961 | Temple   | 2961 ||| PLANNING D:1-11
  2961 | Temple   | 2961 ||| REMOVING amulet of guardian spirit.
  2966 | Temple   | 2966 ||| DROPPING amulet of guardian spirit.
  3049 | D:4      | 3049 ||| Stepping ~*~*~tactically~*~*~ (stealth).
  3065 | D:4      | Reached XP level 6. HP: 35/37 MP: 6/6
  3149 | D:4      | 3149 ||| Stepping ~*~*~tactically~*~*~ (stealth).
  3153 | D:4      | Found a radiant altar of Vehumet.
  3208 | D:4      | Reached skill level 6 in Shields
  3325 | D:4      | Found an ornate altar of the Wu Jian Council.
  3389 | D:4      | Found a blossoming altar of Fedhas.
  3469 | D:4      | 3469 ||| READING 3 scrolls of identify.
  3469 | D:4      | 3469 ||| IDENTIFYING cyan potion
  3470 | D:4      | 3470 ||| READING 2 scrolls of identify.
  3470 | D:4      | 3470 ||| IDENTIFYING metallic golden potion
  3514 | D:5      | Entered Level 5 of the Dungeon
  3667 | D:5      | Noticed a two-headed ogre
  3672 | D:5      | Slain by a two-headed ogre

Levels and vault maps discovered:
D:1:      psy_arrival_terrarium, layout_loops_ring,
          hellmonk_ecumenical_altar_prayer_group,
          nicolae_concentric_dashed_squares_mild
D:2:      layout_rooms, serial_shops, shop, nicolae_shop_statue_plus,
          nicolae_diamond_shop, uniq_crazy_yiuf_cottage
D:3:      layout_basic, minmay_cupped
D:4:      layout_basic, nzn_wu_jian_council_hall, fedhas_altar_2,
          nicolae_vehumet_radiance, minmay_temple_entry_stoned_glass,
          roderic_batcave
D:5:      layout_basic, lemuel_coloured_pillars_altar, minmay_manual_monstrance
Temple:   hellmonk_temple_flake

Skill      XL: |  1  2  3  4  5  6 |
---------------+-------------------+-----
Axes           | 2 3 4 |  4.0
Shields        | 4 5 6 |  6.8
Dodging        | 1 |  1.0
Fighting       | |  3.2
Armour         | |  3.2

Action                   |  1- 3 |  4- 6 || total
-------------------------+-------+-------++-------
Melee: War axe           |    77 |    48 ||   125
       Broad axe         |       |    94 ||    94
       Headbutt          |       |    17 ||    17
  Use: Scroll            |     4 |    12 ||    16
       Potion            |       |     4 ||     4
Armor: Scale mail        |    45 |    65 ||   110
Dodge: Dodged            |    25 |    45 ||    70
Block: Buckler           |     8 |       ||     8
       Kite shield       |    10 |    19 ||    29
       Tower shield      |       |    61 ||    61

Table legend:
 A = Non-vault XP
 B = Vault XP
 C = Vault XP percentage of total XP
 D = Non-vault monster count
 E = Vault monster count
 F = Vault count percentage of total count
                 A         B        C        D         E       F
            +---------+---------+-------+---------+---------+-------
      Total |     488 |     113 |  18.8 |      87 |      10 |  10.3
            +---------+---------+-------+---------+---------+-------
        D:1 |      86 |       1 |   1.1 |      29 |       1 |   3.3
        D:2 |      97 |       0 |   0.0 |      22 |       0 |   0.0
        D:3 |      93 |       2 |   2.1 |      15 |       1 |   6.2
        D:4 |      95 |      65 |  40.6 |      19 |       7 |  26.9
        D:5 |     117 |      45 |  27.8 |       2 |       1 |  33.3
            +---------+---------+-------+---------+---------+-------
